CAL (WIN)
WINSTON-SALEM DASH @ ST. LUCIE METS
12/11/2046
 
TOP OF THE 1ST
Winston-Salem Dash batting - Pitching for St. Lucie Mets : RHP Andy Carrell
Pitching: RHP Andy Carrell
Batting: RHB Jeremy Hoffert 0-0: Ball
1-0: Called Strike
1-1: Swinging Strike
1-2: Ball
2-2: DOUBLE (Flyball, 8LXD, EV 105.6 MPH)
Batting: SHB Ruben Velasco Jr. 0-0: Ball
1-0: Ball
Jeremy Hoffert is caught stealing 3rd base 2-5
2-0: Foul Ball, location: 2F
2-1: Foul Ball, location: 2F
2-2: Foul Ball, location: 2F
2-2: Foul Ball, location: 2F
2-2: Ball
3-2: Foul Ball, location: 2F
3-2: Foul Ball, location: 2F
3-2: Fly out, F6 (Flyball, 56D, EV 94.4 MPH)
Batting: LHB Larry Myers 0-0: Called Strike
0-1: Ball
1-1: Swinging Strike
1-2: Strikes out swinging
Top of the 1st over - 0 runs, 1 hit, 0 errors, 0 left on base; Winston-Salem 0 - St. Lucie 0
BOTTOM OF THE 1ST
St. Lucie Mets batting - Pitching for Winston-Salem Dash : RHP Alfie Bungledorf
Pitching: RHP Alfie Bungledorf
Batting: RHB Oscar Bravo 0-0: Foul Ball, location: 2F
0-1: Ball
1-1: Foul Ball, location: 2F
1-2: Ball
2-2: Strikes out swinging
Batting: RHB Mike Hanks 0-0: Foul Ball, location: 2F
0-1: Fly out, F8 (Flyball, 8RD, EV 83.8 MPH)
Batting: RHB Jose Lara 0-0: Foul Ball, location: 2F
0-1: SINGLE (Line Drive, 7S, EV 99.4 MPH)
Batting: RHB Artyom Shavkunov 0-0: Ball
1-0: Swinging Strike
1-1: Foul Ball, location: 2F
1-2: Foul Ball, location: 2F
1-2: Ball
2-2: Ground out 5-3 (Groundball, 25, EV 78.1 MPH)
Bottom of the 1st over - 0 runs, 1 hit, 0 errors, 1 left on base; Winston-Salem 0 - St. Lucie 0
TOP OF THE 2ND
Winston-Salem Dash batting - Pitching for St. Lucie Mets : RHP Andy Carrell
Batting: LHB Josh Pittman 0-0: Fly out, F4 (Popup, 4D, EV 50.6 MPH)
Batting: LHB Jason Bell 0-0: Ball
1-0: Called Strike
1-1: SINGLE (Groundball, 34D, EV 97.5 MPH)
Batting: LHB Matt Hyde 0-0: Ball
1-0: Ball
2-0: Ball
3-0: SINGLE (Groundball, 4MD, EV 102.5 MPH)
Jason Bell to second
Batting: RHB Josiah Wright 0-0: Ball
1-0: Ball
2-0: Called Strike
2-1: Called Strike
2-2: Foul Ball, location: 2F
2-2: Foul Ball, location: 2F
2-2: Fielders Choice at 2nd, 6-4 (Groundball, 6, EV 78.8 MPH)
Jason Bell to third
Batting: RHB Russ Cornett 0-0: Called Strike
0-1: Ball
1-1: Ball
2-1: Ball
Wild Pitch!
Jason Bell scores
Josiah Wright to second
3-1: Ground out 6-3 (Groundball, 6, EV 85.0 MPH)
Top of the 2nd over - 1 run, 2 hits, 0 errors, 1 left on base; Winston-Salem 1 - St. Lucie 0
BOTTOM OF THE 2ND
St. Lucie Mets batting - Pitching for Winston-Salem Dash : RHP Alfie Bungledorf
Batting: RHB Andy Carrell 0-0: Called Strike
0-1: SINGLE (Line Drive, 8RS, EV 94.4 MPH)
Batting: RHB Chris Artz 0-0: Called Strike
0-1: SINGLE (Flyball, 34D, EV 89.4 MPH)
Andy Carrell to second
Batting: SHB Jerry Burrows 0-0: Called Strike
0-1: Ball
1-1: Ball
2-1: Ball
3-1: Base on Balls
Andy Carrell to third
Chris Artz to second
Batting: LHB Matt Baker 0-0: Swinging Strike
0-1: Foul Ball, location: 2F
0-2: Ball
1-2: Strikes out swinging
Batting: RHB Michael Youngberry 0-0: Ball
1-0: Ball
2-0: Foul Ball, location: 2F
2-1: Ground out 3-1 (Groundball, 13, EV 94.4 MPH)
Andy Carrell scores
Chris Artz to third
Jerry Burrows to second
Batting: RHB Oscar Bravo 0-0: Called Strike
0-1: Ball
1-1: Swinging Strike
1-2: Ball
2-2: Strikes out swinging
Bottom of the 2nd over - 1 run, 2 hits, 0 errors, 2 left on base; Winston-Salem 1 - St. Lucie 1
TOP OF THE 3RD
Winston-Salem Dash batting - Pitching for St. Lucie Mets : RHP Andy Carrell
Batting: SHB Josh Conner 0-0: Called Strike
0-1: Called Strike
0-2: Strikes out looking
Batting: RHB Jeremy Hoffert 0-0: Ball
1-0: Foul Ball, location: 2F
1-1: Swinging Strike
1-2: Strikes out swinging, 2-3 out at first.
Batting: SHB Ruben Velasco Jr. 0-0: Ball
1-0: Ball
2-0: Called Strike
2-1: Ball
3-1: Fly out, F7 (Flyball, 7LSF, EV 82.5 MPH)
Top of the 3rd over - 0 runs, 0 hits, 0 errors, 0 left on base; Winston-Salem 1 - St. Lucie 1
BOTTOM OF THE 3RD
St. Lucie Mets batting - Pitching for Winston-Salem Dash : RHP Alfie Bungledorf
Batting: RHB Mike Hanks 0-0: Ball
1-0: Ball
2-0: Called Strike
2-1: Foul Ball, location: 2F
2-2: SINGLE (Groundball, 56D, EV 94.4 MPH)
Batting: RHB Jose Lara 0-0: Foul Ball, location: 2F
0-1: SINGLE (Groundball, 34S, EV 98.8 MPH)
Mike Hanks to second
Batting: RHB Artyom Shavkunov 0-0: Called Strike
0-1: Fly out, F7 (Line Drive, 78M, EV 94.4 MPH)
Batting: RHB Andy Carrell 0-0: Swinging Strike
0-1: Foul Ball, location: 2F
0-2: Ball
1-2: Foul Ball, location: 2F
1-2: Fly out, F9 (Flyball, 9, EV 91.2 MPH)
Batting: RHB Chris Artz 0-0: Called Strike
0-1: Ball
1-1: Swinging Strike
1-2: Ball
2-2: DOUBLE (Line Drive, 78M, EV 95.6 MPH)
Mike Hanks scores
Jose Lara to third
Batting: SHB Jerry Burrows 0-0: Ball
1-0: Called Strike
1-1: Ball
2-1: Swinging Strike
2-2: Fly out, F8 (Flyball, 8RM, EV 83.1 MPH)
Bottom of the 3rd over - 1 run, 3 hits, 0 errors, 2 left on base; Winston-Salem 1 - St. Lucie 2
TOP OF THE 4TH
Winston-Salem Dash batting - Pitching for St. Lucie Mets : RHP Andy Carrell
Batting: LHB Larry Myers 0-0: Ball
1-0: Foul Ball, location: 2F
1-1: Ball
2-1: Ball
3-1: Swinging Strike
3-2: Base on Balls
Batting: LHB Josh Pittman 0-0: Ball
1-0: Swinging Strike
1-1: 2-RUN HOME RUN (Flyball, 89XD, EV 100.0 MPH), Distance : 393 ft
Batting: LHB Jason Bell 0-0: Called Strike
0-1: Ball
1-1: Foul Ball, location: 2F
1-2: Ground out 6-3 (Groundball, 4M, EV 105.6 MPH)
Batting: LHB Matt Hyde 0-0: Ball
1-0: Ball
2-0: Ball
3-0: Called Strike
3-1: Foul Ball, location: 2F
3-2: SOLO HOME RUN (Line Drive, 7LD, EV 98.1 MPH), Distance : 376 ft
Batting: RHB Josiah Wright 0-0: Ball
1-0: Ground out 5-3 (Groundball, 56, EV 82.5 MPH)
Batting: RHB Russ Cornett 0-0: Swinging Strike
0-1: Ball
1-1: Foul Ball, location: 2F
1-2: Foul Ball, location: 2F
1-2: Foul Ball, location: 2F
1-2: Foul Ball, location: 2F
1-2: Foul Ball, location: 2F
1-2: Ball
2-2: Foul Ball, location: 2F
2-2: Foul Ball, location: 2F
2-2: Ball
3-2: Foul Ball, location: 2F
3-2: Ground out 5-3 (Groundball, 56, EV 90.0 MPH)
Top of the 4th over - 3 runs, 2 hits, 0 errors, 0 left on base; Winston-Salem 4 - St. Lucie 2
BOTTOM OF THE 4TH
St. Lucie Mets batting - Pitching for Winston-Salem Dash : RHP Alfie Bungledorf
Batting: LHB Matt Baker 0-0: Ball
1-0: Fly out, F5 (Popup, 56, EV 75.6 MPH)
Batting: RHB Michael Youngberry 0-0: Called Strike
0-1: Foul Ball, location: 2F
0-2: Ball
1-2: Strikes out swinging
Batting: RHB Oscar Bravo 0-0: Swinging Strike
0-1: Ball
1-1: Ball
2-1: Swinging Strike
2-2: SINGLE (Line Drive, 4MD, EV 98.1 MPH)
Batting: RHB Mike Hanks 0-0: Called Strike
0-1: Swinging Strike
0-2: Ball
1-2: Strikes out swinging
Bottom of the 4th over - 0 runs, 1 hit, 0 errors, 1 left on base; Winston-Salem 4 - St. Lucie 2
TOP OF THE 5TH
Winston-Salem Dash batting - Pitching for St. Lucie Mets : RHP Andy Carrell
Pitching: RHP Adrian Colorado
Batting: SHB Josh Conner 0-0: Called Strike
0-1: Called Strike
0-2: Fly out, F7 (Line Drive, 7, EV 90.6 MPH)
Batting: RHB Jeremy Hoffert 0-0: Ball
1-0: Ball
2-0: Fly out, F8 (Line Drive, 8RD, EV 99.4 MPH)
Batting: SHB Ruben Velasco Jr. 0-0: Swinging Strike
0-1: Swinging Strike
0-2: Strikes out swinging
Top of the 5th over - 0 runs, 0 hits, 0 errors, 0 left on base; Winston-Salem 4 - St. Lucie 2
BOTTOM OF THE 5TH
St. Lucie Mets batting - Pitching for Winston-Salem Dash : RHP Alfie Bungledorf
Batting: RHB Jose Lara 0-0: Ball
1-0: Ball
2-0: Called Strike
2-1: DOUBLE (Flyball, 8RXD, EV 113.1 MPH)
Pitching: RHP Ivan Gaona
Batting: RHB Artyom Shavkunov 0-0: Called Strike
0-1: Ground out 6-3 (Groundball, 6, EV 82.5 MPH)
Batting: RHB Andy Carrell 0-0: Called Strike
0-1: Swinging Strike
Passed Ball!
Jose Lara to third
0-2: Ball
1-2: Foul Ball, location: 2F
1-2: Strikes out looking
Batting: RHB Chris Artz 0-0: Called Strike
0-1: Hit by Pitch
Batting: SHB Jerry Burrows 0-0: Ball
1-0: Called Strike
1-1: Ball
2-1: Swinging Strike
2-2: Strikes out swinging
Bottom of the 5th over - 0 runs, 1 hit, 0 errors, 2 left on base; Winston-Salem 4 - St. Lucie 2
TOP OF THE 6TH
Winston-Salem Dash batting - Pitching for St. Lucie Mets : RHP Adrian Colorado
Batting: LHB Larry Myers 0-0: Swinging Strike
0-1: Ball
1-1: Ball
2-1: Fly out, F9 (Flyball, 9LD, EV 86.9 MPH)
Batting: LHB Josh Pittman 0-0: Called Strike
0-1: Ball
1-1: Ball
2-1: Called Strike
2-2: Foul Ball, location: 2F
2-2: Foul Ball, location: 2F
2-2: SINGLE (Groundball, 56D, EV 104.4 MPH)
Batting: LHB Jason Bell 0-0: Called Strike
0-1: Fly out, F6 (Popup, 4M, EV 60.6 MPH)
Batting: LHB Matt Hyde 0-0: Swinging Strike
0-1: Ground out 4-3 (Groundball, 34, EV 103.8 MPH)
Top of the 6th over - 0 runs, 1 hit, 0 errors, 1 left on base; Winston-Salem 4 - St. Lucie 2
BOTTOM OF THE 6TH
St. Lucie Mets batting - Pitching for Winston-Salem Dash : RHP Ivan Gaona
Batting: LHB Matt Baker 0-0: Called Strike
0-1: Ball
1-1: Fly out, F8 (Flyball, 78D, EV 88.8 MPH)
Batting: RHB Michael Youngberry 0-0: DOUBLE (Line Drive, 7LS, EV 91.2 MPH)
Batting: RHB Oscar Bravo 0-0: Called Strike
0-1: Ball
1-1: 2-RUN HOME RUN (Flyball, 78XD, EV 103.1 MPH), Distance : 429 ft
Batting: RHB Mike Hanks 0-0: Ball
1-0: Foul Ball, location: 2F
1-1: Foul Ball, location: 2F
1-2: Foul Ball, location: 2F
1-2: Strikes out swinging
Batting: RHB Jose Lara 0-0: Ground out 4-3 (Groundball, 34, EV 101.9 MPH)
Bottom of the 6th over - 2 runs, 2 hits, 0 errors, 0 left on base; Winston-Salem 4 - St. Lucie 4
TOP OF THE 7TH
Winston-Salem Dash batting - Pitching for St. Lucie Mets : RHP Adrian Colorado
Batting: RHB Josiah Wright 0-0: Ball
1-0: Called Strike
1-1: Ground out 6-3 (Groundball, 6M, EV 95.0 MPH)
Batting: RHB Russ Cornett 0-0: Foul Ball, location: 2F
0-1: DOUBLE (Flyball, 89D, EV 91.9 MPH)
Batting: SHB Josh Conner 0-0: Ball
1-0: Called Strike
1-1: Ground out 2-3 (Groundball, 13S, EV 68.8 MPH)
Russ Cornett to third
Pinch Hitting: LHB Herkko Haavikko 0-0: Called Strike
0-1: Called Strike
0-2: Strikes out swinging
Top of the 7th over - 0 runs, 1 hit, 0 errors, 1 left on base; Winston-Salem 4 - St. Lucie 4
BOTTOM OF THE 7TH
St. Lucie Mets batting - Pitching for Winston-Salem Dash : RHP Ivan Gaona
Now in LF: Josh Pittman
Now in RF: Alberto Carrasco
Batting: RHB Artyom Shavkunov 0-0: Fly out, F7 (Flyball, 78D, EV 84.4 MPH)
Batting: RHB Andy Carrell 0-0: Called Strike
0-1: Foul Ball, location: 2F
0-2: Hit by Pitch
Batting: RHB Chris Artz 0-0: Ball
1-0: Called Strike
1-1: Swinging Strike
1-2: Strikes out swinging
Batting: SHB Jerry Burrows 0-0: Ball
1-0: Called Strike
1-1: Called Strike
1-2: Ball
2-2: Foul Ball, location: 2F
2-2: Ball
3-2: Base on Balls
Andy Carrell to second
Pitching: LHP Juan Medrano
Batting: LHB Matt Baker 0-0: Ball
1-0: Ball
2-0: Called Strike
2-1: SINGLE (Groundball, 34S, EV 68.1 MPH) (infield hit)
Andy Carrell to third
Jerry Burrows to second
Batting: RHB Michael Youngberry 0-0: Ball
1-0: Ground out 4-3 (Groundball, 4, EV 83.1 MPH)
Bottom of the 7th over - 0 runs, 1 hit, 0 errors, 3 left on base; Winston-Salem 4 - St. Lucie 4
TOP OF THE 8TH
Winston-Salem Dash batting - Pitching for St. Lucie Mets : RHP Adrian Colorado
Batting: SHB Ruben Velasco Jr. 0-0: Called Strike
0-1: Ball
1-1: Called Strike
1-2: DOUBLE (Line Drive, 9LS, EV 109.4 MPH)
Pitching: LHP Mike Mathews
Batting: RHB Mike Warzecha 0-0: Called Strike
0-1: Foul Ball, location: 2F
0-2: Ball
1-2: Ball
2-2: Foul Ball, location: 2F
2-2: Fly out, F7 (Flyball, 7LSF, EV 95.6 MPH)
Pinch Hitting: RHB Micah Brown 0-0: Intentional Walk
Pinch Hitting: RHB Paul Shell 0-0: Ball
1-0: Foul Ball, location: 2F
1-1: Called Strike
1-2: SINGLE (Line Drive, 78M, EV 101.2 MPH)
Ruben Velasco Jr. to third
Micah Brown to second
Batting: LHB Matt Hyde 0-0: Foul Ball, location: 2F
0-1: Called Strike
0-2: Strikes out swinging
Pitching: RHP Jason Horvath
Batting: RHB Josiah Wright 0-0: Ball
1-0: Ball
2-0: Ball
3-0: Base on Balls
Ruben Velasco Jr. scores
Micah Brown to third
Paul Shell to second
Batting: RHB Russ Cornett 0-0: Foul Ball, location: 2F
0-1: Foul Ball, location: 2F
0-2: Strikes out swinging
Top of the 8th over - 1 run, 2 hits, 0 errors, 3 left on base; Winston-Salem 5 - St. Lucie 4
BOTTOM OF THE 8TH
St. Lucie Mets batting - Pitching for Winston-Salem Dash : LHP Juan Medrano
Now at C: Mike Koch
Now in LF: Bobby Adams
Batting: RHB Oscar Bravo 0-0: Foul Ball, location: 2F
0-1: Ball
1-1: Ball
2-1: Swinging Strike
2-2: Strikes out looking
Batting: RHB Mike Hanks 0-0: Called Strike
0-1: Ball
1-1: Ball
2-1: Ball
3-1: Ground out U3 (Groundball, 3, EV 88.8 MPH)
Batting: RHB Jose Lara 0-0: Foul Ball, location: 2F
0-1: Swinging Strike
0-2: Ball
1-2: Ball
2-2: Ball
3-2: Strikes out swinging
Bottom of the 8th over - 0 runs, 0 hits, 0 errors, 0 left on base; Winston-Salem 5 - St. Lucie 4
TOP OF THE 9TH
Winston-Salem Dash batting - Pitching for St. Lucie Mets : RHP Jason Horvath
Batting: SHB Josh Conner 0-0: Foul Ball, location: 2F
0-1: Ball
1-1: Ball
2-1: Called Strike
2-2: Foul Ball, location: 2F
2-2: Fly out, F8 (Flyball, 8RM, EV 88.8 MPH)
Batting: LHB Alberto Carrasco 0-0: Ball
1-0: Ball
2-0: Foul Ball, location: 2F
2-1: Ball
3-1: SINGLE (Groundball, 34D, EV 100.0 MPH)
Batting: SHB Ruben Velasco Jr. 0-0: Ball
1-0: Swinging Strike
1-1: Ball
Alberto Carrasco is caught stealing 2nd base 2-6
2-1: Ball
3-1: Base on Balls
Batting: RHB Mike Warzecha 0-0: Called Strike
Ruben Velasco Jr. is caught stealing 2nd base 2-4
Top of the 9th over - 0 runs, 1 hit, 0 errors, 0 left on base; Winston-Salem 5 - St. Lucie 4
BOTTOM OF THE 9TH
St. Lucie Mets batting - Pitching for Winston-Salem Dash : LHP Juan Medrano
Pitching: RHP Chris Worster
Batting: RHB Artyom Shavkunov 0-0: Swinging Strike
0-1: Ground out 4-3 (Groundball, 4S, EV 73.8 MPH)
Batting: RHB Andy Carrell 0-0: Called Strike
0-1: Swinging Strike
0-2: Strikes out swinging
Batting: RHB Chris Artz 0-0: Ball
1-0: Ball
2-0: Called Strike
2-1: Called Strike
2-2: Foul Ball, location: 2F
2-2: Ball
3-2: Foul Ball, location: 2F
3-2: Foul Ball, location: 2F
3-2: Base on Balls
Batting: SHB Jerry Burrows 0-0: Called Strike
0-1: Called Strike
0-2: Foul Ball, location: 2F
0-2: Ball
1-2: Strikes out swinging
Bottom of the 9th over - 0 runs, 0 hits, 0 errors, 1 left on base; Winston-Salem 5 - St. Lucie 4
Tuesday, September 13th , 2022 - OOTP Baseball 23.7 Build 88